 Dungeon Crawl Stone Soup version 0.30-a0-739-gea05faddec (webtiles) character file.

Game seed: 419799336753843202

56 KleinerIrrer the Trooper (level 3, 0/41 HPs)
             Began as an Ogre Fighter on Feb 4, 2023.
             Slain by a gnoll
             ... wielding a +0 club
              (6 damage)
             ... on level 2 of the Dungeon.
             The game lasted 00:01:34 (766 turns).

KleinerIrrer the Trooper (Ogre Fighter)              Turns: 766, Time: 00:01:35

Health: 0/41       AC:  3    Str: 22    XL:     3   Next: 97%
Magic:  3/3        EV:  8    Int:  9    God:
Gold:   46         SH:  7    Dex:  8    Spells: 2/2 levels left

rFire   . . .      SeeInvis .    a - +0 flail
rCold   . . .      Faith    .    c - +0 kite shield
rNeg    . . .      Spirit   .    b - +0 robe
rPois   .          Reflect  .    (helmet restricted)
rElec   .          Harm     .    (no cloak)
rCorr   .          Rampage  .    (gloves unavailable)
Will    .....                    (boots unavailable)
Stlth   +                        (no amulet)
HPRegen 0.26/turn                (no ring)
MPRegen 0.08/turn                (no ring)

@: no status effects
A: large, unfitting armour, tough skin 1
a: no special abilities


You were on level 2 of the Dungeon.
You visited 1 branch of the dungeon, and saw 2 of its levels.

You collected 46 gold pieces.

Inventory:

Hand Weapons
 a - a +0 flail (weapon)
Missiles
 h - 5 poisoned darts (quivered)
Armour
 b - a +0 robe (worn)
 c - a +0 kite shield (worn)
Scrolls
 f - a scroll of enchant weapon {unknown}
 g - a scroll of magic mapping {unknown}
Potions
 d - a potion of might
 e - 2 potions of heal wounds {unknown}


   Skills:
 + Level 4.8 Fighting
 * Level 3.2 Maces & Flails
 - Level 2.6 Dodging
 - Level 3.0 Shields


You had 2 spell levels left.
You didn't know any spells.
Your spell library was empty.

Dungeon Overview and Level Annotations

Branches:
Dungeon (2/15)

Altars:

Shops:
D:1 ?


Innate Abilities, Weirdness & Mutations

You are too large for most types of armour.
You have tough skin. (AC +1)


Message History

The gnoll shouts! x2
The bat moves out of view.
The rat bites you but does no damage.
You sock the rat!
You kill the rat!
The gnoll hits you with a +0 halberd!
You hit the gnoll.
The gnoll is heavily wounded.
The gnoll hits you with a +0 halberd.
You sock the gnoll!
You kill the gnoll!
The gnoll closely misses you. The gnoll misses you.
The gnoll closely misses you. The gnoll completely misses you.
You closely miss the gnoll. The gnoll barely misses you.
You block the gnoll's attack.
You barely miss the gnoll. The gnoll hits you with a +0 club. x3
You block the gnoll's attack.
You are too injured to fight recklessly!
You hit the gnoll but do no damage. You block the gnoll's attack. x2
You barely miss the gnoll. The gnoll hits you with a +0 club.
* * * LOW HITPOINT WARNING * * *
The gnoll barely misses you.
You hit the gnoll.
The gnoll is lightly wounded.
The gnoll hits you but does no damage. You block the gnoll's attack.
The gnoll barely misses you. The gnoll hits you with a +0 club.
* * * LOW HITPOINT WARNING * * *
You sock the gnoll!
You kill the gnoll!
The gnoll closely misses you.
You closely miss the gnoll. The gnoll barely misses you.
The gnoll hits you with a +0 club.
* * * LOW HITPOINT WARNING * * *
You sock the gnoll!
The gnoll is severely wounded.
You block the gnoll's attack.
You hit the gnoll but do no damage.
The gnoll is severely wounded.
The gnoll hits you with a +0 club.
You die...

... #.########.#.#....
...#####...## #.#.#....
............# ###.#...#
............# #.##...
#..>........# # #.....#
#...........##.#...#....#
#........<.....###.#.#...
#............... #.#.####
#.....†.@...#### #+#.....
#......g))..+ ......S
#...........# ....)..
#...........# .......
#$..........# .g.....
#...........# b?.....
############# .......


You could see a gnoll.

Vanquished Creatures
  2 gnolls (D:2)
  2 dart slugs (D:1)
  6 endoplasms (D:1)
  2 giant cockroaches (D:1)
  2 goblins
  2 hobgoblins (D:1)
  3 jackals (D:1)
  A quokka (D:1)
  5 ball pythons
  2 bats (D:1)
  2 frilled lizards (D:1)
  A kobold (D:1)
  4 rats
34 creatures vanquished.

Notes
Turn   | Place    | Note
-------+----------+-------------------------------------------
     0 | D:1      | KleinerIrrer the Ogre Fighter began the quest for the Orb.
     0 | D:1      | Reached XP level 1. HP: 24/24 MP: 1/1
   108 | D:1      | Reached XP level 2. HP: 22/32 MP: 2/2
   169 | D:1      | Found Jahosm's Magic Scroll Emporium.
   362 | D:1      | Reached XP level 3. HP: 24/40 MP: 3/3
   766 | D:2      | Slain by a gnoll

Illustrated notes

Levels and vault maps discovered:
D:1:      minmay_arrival_plants_in_alcoves, layout_rooms, serial_shops, shop
D:2:      layout_basic, dreamdust_ecumenical_altar_drowned_temple, uniq_robin

Skill      XL: |  1  2  3 |
---------------+----------+-----
Maces & Flails | 2 3 |  3.2
Fighting       | |  4.8
Dodging        | |  2.6
Shields        | |  3.0

Action                     || total
---------------------------++-------
  Melee: Flail             ||   119
   Stab: Sleeping          ||     1
 Armour: Robe              ||    62
  Dodge: Dodged            ||    69
  Block: Kite shield       ||    76

Table legend: (Time is in decaauts)
 A = Elapsed time spent in this place.
 B = Non-inter-level travel time spent in this place.
 C = Inter-level travel time spent in this place.
 D = Time resting spent in this place.
 E = Time spent auto-exploring this place.
 F = Levels seen in this place.
 G = Mean time per level.
                   A        B        C        D        E       F      G
               +--------+--------+--------+--------+--------+-----+--------+
         Total |    813 |    792 |     21 |    112 |    425 |   2 |  406.5 |
       Dungeon |    813 |    792 |     21 |    112 |    425 |   2 |  406.5 |
               +--------+--------+--------+--------+--------+-----+--------+

Top non-repeatable levels by time:
     D:1: 749 daAuts
     D:2: 64 daAuts
